 Dungeon Crawl Stone Soup version 0.24-a0-630-g0d56a851f4 (console) character file.

Game seed: 7148422703329525961, levelgen mode: deterministic

135 Engwar the Ruffian (level 4, 40/40 HPs)
             Began as a Troll Artificer on Sept 19, 2019.
             Was a Follower of Sif Muna.
             Quit the game on level 2 of the Dungeon.
             The game lasted 00:08:15 (1881 turns).

Engwar the Ruffian (Troll Artificer)                Turns: 1881, Time: 00:08:16

Health: 40/40      AC:  7    Str: 20    XL:     4   Next: 96%
Magic:  4/4        EV: 10    Int:  7    God:    Sif Muna [*.....]
Gold:   69         SH:  0    Dex: 11    Spells: 3/3 levels left

rFire    . . .     SeeInvis .     - Unarmed
rCold    . . .     Gourm    +   (no shield)
rNeg     . . .     Faith    .   b - +0 robe
rPois    .         Spirit   .   (helmet restricted)
rElec    .         Reflect  .   (no cloak)
rCorr    +         Harm     .   (gloves unavailable)
MR       .....                  (boots unavailable)
Stlth    +.........             (no amulet)
HPRegen  0.53/turn              k - +1 ring of protection (curse)
MPRegen  0.09/turn              o - ring of resist corrosion (curse)

@: no status effects
A: large, unfitting armour, claws 3, fast metabolism 3, gourmand, regeneration
1, shaggy fur 1, tough skin 3
a: Channel Magic, Renounce Religion


You were on level 2 of the Dungeon.
You worshipped Sif Muna.
Sif Muna was aware of your devotion.
You were full.

You visited 1 branch of the dungeon, and saw 2 of its levels.

You collected 69 gold pieces.

Inventory:

Missiles
 g - 122 stones (quivered)
 m - 35 poisoned darts
Armour
 b - a +0 robe (worn)
Jewellery
 k - a cursed +1 ring of protection (left claw)
 l - a +3 ring of strength
 o - a cursed ring of resist corrosion (right claw)
Wands
 c - a wand of flame (15)
 d - a wand of enslavement (15)
 e - a wand of random effects (15)
Scrolls
 a - a scroll of fog {unknown}
 i - 3 scrolls of identify {unknown}
 j - 2 scrolls of amnesia {unknown}
 p - a scroll of fear {unknown}
 q - a scroll of remove curse {unknown}
Potions
 h - 3 potions of curing {unknown}
 n - a potion of ambrosia {unknown}
Comestibles
 f - 3 rations
 r - 2 chunks of flesh


   Skills:
 - Level 0.7 Fighting
   Level 0.7 Short Blades
 - Level 1.5 Dodging
 - Level 0.3 Stealth
 + Level 4.6 Unarmed Combat
 - Level 2.1 Evocations


You had 3 spell levels left.
You didn't know any spells.
Your spell library was empty.

Dungeon Overview and Level Annotations

Branches:
Dungeon (2/15)

Altars:
Sif Muna


Innate Abilities, Weirdness & Mutations

You are too large for most types of armour.
You have claws for hands.
Your metabolism is lightning-fast.
You like to eat raw meat.
Your natural rate of healing is unusually fast.
You are covered in fur. (AC +1)
You have extremely tough skin. (AC +3)


Message History

You kill the quokka!
No target in view!
No target in view!
No target in view!
No target in view!
No target in view!
You see here a quokka corpse.
You butcher the quokka corpse.
r - 2 chunks of flesh You see here a quokka skeleton.
There is a faded altar of an unknown god here.
Unknown command.
Press < or > to pray at altars.
You cannot tell which god this altar belongs to.
Convert to them anyway?
Okay, then.
You cannot tell which god this altar belongs to.
Convert to them anyway?
Sif Muna accepts your prayer! Sif Muna welcomes you!
You can now call upon Sif Muna for magical energy.
Are you sure you want to abandon this character and quit the game? (Confirm with "yes".)

....#.#.........#.#.#
.#..................#
.##.#.....#.##......#
.#................#.#
.####.##....####..#.#
......###.#......##.##
.####.....#÷.######..#
.# #######..........#
.# ##.....8....# .#
........8÷8...# ##
....##..8.@.8.## #
#.#. #...8.8..# # # #
#....8...# #
......$....# #
###.....#..# #
..........# #
###.###.#### # #. #.#
# # #


There were no monsters in sight!

Vanquished Creatures
  A water moccasin skeleton (D:2)
  3 adders (D:2)
  2 oozes (D:1)
  A worm (D:2)
  A dart slug (D:1)
  5 leopard geckos
  4 goblins
  3 hobgoblins
  3 jackals (D:2)
  2 quokkas (D:2)
  5 bats
  4 frilled lizards
  9 kobolds
  6 rats
49 creatures vanquished.

Notes
Turn   | Place    | Note
-------+----------+-------------------------------------------
     0 | D:1      | Engwar the Troll Artificer began the quest for the Orb.
     0 | D:1      | Reached XP level 1. HP: 18/18 MP: 1/1
    39 | D:1      | Reached skill level 1 in Unarmed Combat
    59 | D:1      | Reached XP level 2. HP: 26/26 MP: 2/2
   214 | D:1      | Reached skill level 2 in Unarmed Combat
   703 | D:1      | Reached XP level 3. HP: 27/32 MP: 3/3
  1239 | D:2      | Reached skill level 3 in Unarmed Combat
  1266 | D:2      | Reached skill level 4 in Unarmed Combat
  1266 | D:2      | Reached XP level 4. HP: 3/40 MP: 4/4
  1835 | D:2      | Found a faded altar of an unknown god.
  1880 | D:2      | Became a worshipper of Sif Muna the Loreminder
  1880 | D:2      | Reached * piety under Sif Muna
  1881 | D:2      | Quit the game

Levels and vault maps discovered:
D:1:      erik_arrival_cave_to_civilisation [erik_arrival_cave_to_hall],
          layout_loops_corners
D:2:      layout_basic, chequers_ecumenical_altar_simple_redux, minmay_puff

Skill      XL: |  1  2  3 |
---------------+----------+-----
Unarmed Combat | 1 2 4 |  4.6
Fighting       | |  0.7
Short Blades   | |  0.7
Dodging        | |  1.5
Stealth        | |  0.3
Evocations     | |  2.1

Action                   |  1- 3 |  4- 6 || total
-------------------------+-------+-------++-------
Melee: Short sword       |    14 |       ||    14
       Unarmed           |    70 |    46 ||   116
       Punch             |     1 |     1 ||     2
Throw: Stone             |     1 |       ||     1
  Eat: Chunk             |    11 |     9 ||    20
Armor: Robe              |    27 |    22 ||    49
Dodge: Dodged            |    28 |    17 ||    45

Table legend:
 A = Non-vault XP
 B = Vault XP
 C = Vault XP percentage of total XP
 D = Non-vault monster count
 E = Vault monster count
 F = Vault count percentage of total count
                 A         B        C        D         E       F
            +---------+---------+-------+---------+---------+-------
      Total |     189 |       4 |   2.1 |      46 |       3 |   6.1
            +---------+---------+-------+---------+---------+-------
        D:1 |      49 |       0 |   0.0 |      23 |       0 |   0.0
        D:2 |     140 |       4 |   2.8 |      23 |       3 |  11.5
            +---------+---------+-------+---------+---------+-------
